TOP OF THE 1ST |
Binghamton Mets batting - Pitching for Kane County Cougars : RHP Joey Keim
|
Pitching: RHP Joey Keim
|
|
Batting: LHB Jose Chavez
|
0-0: Ball 1-0: Ground out 5-3 (Groundball, 56S, EV 87.5 MPH)
|
Batting: RHB Andy Solorzano
|
0-0: Called Strike 0-1: Called Strike 0-2: Strikes out looking
|
Batting: LHB Willie Cintron
|
0-0: Called Strike 0-1: Foul Ball, location: 2F 0-2: Strikes out swinging
|
Top of the 1st over - 0 runs, 0 hits, 0 errors, 0 left on base; Binghamton 0 - Kane County 0 |
BOTTOM OF THE 1ST |
Kane County Cougars batting - Pitching for Binghamton Mets : RHP Lawrence Luning
|
Pitching: RHP Lawrence Luning
|
|
Batting: LHB Willie Gutierrez
|
0-0: Ball 1-0: SINGLE (Line Drive, 56D, EV 96.3 MPH)
|
Batting: RHB Franklin Villanueva
|
0-0: Ball 1-0: Ball 2-0: Called Strike Willie Gutierrez steals 2nd base 2-1: Foul Ball, location: 2F 2-2: Ball 3-2: Base on Balls
|
Batting: RHB Dave Vargas
|
0-0: Foul Ball, location: 2F 0-1: Called Strike 0-2: Ball 1-2: Ball 2-2: Ball 3-2: Base on Balls Willie Gutierrez to third Franklin Villanueva to second
|
Batting: RHB Marlon Reda
|
0-0: Called Strike 0-1: Ball 1-1: Grounds into double play, 6-4-3 (Groundball, 6MD, EV 101.3 MPH) Willie Gutierrez scores Franklin Villanueva to third
|
Batting: LHB T.J. Duvall
|
0-0: Ball 1-0: Ball 2-0: Foul Ball, location: 2F 2-1: Called Strike 2-2: Foul Ball, location: 2F 2-2: Strikes out swinging
|
Bottom of the 1st over - 1 run, 1 hit, 0 errors, 1 left on base; Binghamton 0 - Kane County 1 |
TOP OF THE 2ND |
Binghamton Mets batting - Pitching for Kane County Cougars : RHP Joey Keim
|
Batting: RHB Joe Kooyers
|
0-0: Swinging Strike 0-1: Ball 1-1: Ball 2-1: Ball 3-1: Called Strike 3-2: Ground out U3 (Groundball, 34, EV 81.9 MPH)
|
Batting: RHB Chris Nelson
|
0-0: Called Strike 0-1: Ground out 6-3 (Groundball, 6, EV 88.1 MPH)
|
Batting: LHB Nate Trahan
|
0-0: Called Strike 0-1: Foul Ball, location: 2F 0-2: Foul Ball, location: 2F 0-2: Ball 1-2: Ball 2-2: Ball 3-2: Base on Balls
|
Batting: LHB Tom Prayer
|
0-0: Foul Ball, location: 2F 0-1: Foul Ball, location: 2F 0-2: Ball 1-2: Ball 2-2: Fly out, F1 (Line Drive, P, EV 67.5 MPH)
|
Top of the 2nd over - 0 runs, 0 hits, 0 errors, 1 left on base; Binghamton 0 - Kane County 1 |
BOTTOM OF THE 2ND |
Kane County Cougars batting - Pitching for Binghamton Mets : RHP Lawrence Luning
|
Batting: RHB Matt Maxwell
|
0-0: Swinging Strike 0-1: Ball 1-1: Ball 2-1: Foul Ball, location: 2F 2-2: Fly out, F8 (Flyball, 8RXD, EV 89.4 MPH)
|
Batting: RHB John Pena
|
0-0: Called Strike 0-1: Called Strike 0-2: Strikes out swinging
|
Batting: RHB Curt Barrett
|
0-0: Foul Ball, location: 2F 0-1: Foul Ball, location: 2F 0-2: DOUBLE (Line Drive, 78D, EV 113.8 MPH)
|
Batting: LHB Brian Nielsen
|
0-0: Ball 1-0: Foul Ball, location: 2F 1-1: Foul Ball, location: 2F 1-2: DOUBLE (Flyball, 78XD, EV 106.3 MPH) Curt Barrett scores
|
Batting: LHB Willie Gutierrez
|
0-0: Fly out, F6 (Popup, 6, EV 58.8 MPH)
|
Bottom of the 2nd over - 1 run, 2 hits, 0 errors, 1 left on base; Binghamton 0 - Kane County 2 |
TOP OF THE 3RD |
Binghamton Mets batting - Pitching for Kane County Cougars : RHP Joey Keim
|
Batting: RHB Matt Skipper
|
0-0: Ball 1-0: Called Strike 1-1: Ball 2-1: Ball 3-1: Base on Balls
|
Batting: LHB Elmo Dreier
|
0-0: Ball 1-0: Ball 2-0: Fly out, F8 (Flyball, 8LM, EV 85.0 MPH)
|
Batting: LHB Jose Chavez
|
0-0: Ball 1-0: Called Strike 1-1: Foul Ball, location: 2F 1-2: Strikes out looking
|
Batting: RHB Andy Solorzano
|
0-0: Swinging Strike 0-1: Called Strike 0-2: Strikes out swinging
|
Top of the 3rd over - 0 runs, 0 hits, 0 errors, 1 left on base; Binghamton 0 - Kane County 2 |
BOTTOM OF THE 3RD |
Kane County Cougars batting - Pitching for Binghamton Mets : RHP Lawrence Luning
|
Batting: RHB Franklin Villanueva
|
0-0: Ball 1-0: Called Strike 1-1: Ball 2-1: Ball 3-1: Swinging Strike 3-2: Foul Ball, location: 2F 3-2: Foul Ball, location: 2F 3-2: Base on Balls
|
Batting: RHB Dave Vargas
|
0-0: Ball 1-0: Ball 2-0: Called Strike 2-1: Called Strike Franklin Villanueva steals 2nd base 2-2: Foul Ball, location: 2F 2-2: Ball 3-2: Foul Ball, location: 2F 3-2: Strikes out swinging
|
Batting: RHB Marlon Reda
|
0-0: Called Strike Franklin Villanueva steals 3rd base 0-1: Called Strike 0-2: Strikes out swinging
|
Batting: LHB T.J. Duvall
|
0-0: Called Strike 0-1: Called Strike 0-2: Foul Ball, location: 2F 0-2: Ball 1-2: Fly out, F6 (Popup, 6M, EV 75.0 MPH)
|
Bottom of the 3rd over - 0 runs, 0 hits, 0 errors, 1 left on base; Binghamton 0 - Kane County 2 |
TOP OF THE 4TH |
Binghamton Mets batting - Pitching for Kane County Cougars : RHP Joey Keim
|
Batting: LHB Willie Cintron
|
0-0: Ball 1-0: Foul Ball, location: 2F 1-1: Ground out 5-3 (Groundball, 5D, EV 80.6 MPH)
|
Batting: RHB Joe Kooyers
|
0-0: Ball 1-0: Called Strike 1-1: Ball 2-1: SINGLE (Line Drive, 89S, EV 96.3 MPH)
|
Batting: RHB Chris Nelson
|
0-0: Fielders Choice at 2nd, 1-6 (Groundball, 13, EV 73.8 MPH)
|
Batting: LHB Nate Trahan
|
0-0: Called Strike 0-1: Called Strike 0-2: Ball 1-2: Strikes out swinging
|
Top of the 4th over - 0 runs, 1 hit, 0 errors, 1 left on base; Binghamton 0 - Kane County 2 |
BOTTOM OF THE 4TH |
Kane County Cougars batting - Pitching for Binghamton Mets : RHP Lawrence Luning
|
Batting: RHB Matt Maxwell
|
0-0: Called Strike 0-1: Fly out, F8 (Flyball, 8RM, EV 96.9 MPH)
|
Batting: RHB John Pena
|
0-0: Ground out 4-3 (Groundball, 4, EV 108.8 MPH)
|
Batting: RHB Curt Barrett
|
0-0: Ball 1-0: Swinging Strike 1-1: Ball 2-1: Swinging Strike 2-2: Ground out 6-3 (Groundball, 6, EV 93.8 MPH)
|
Bottom of the 4th over - 0 runs, 0 hits, 0 errors, 0 left on base; Binghamton 0 - Kane County 2 |
TOP OF THE 5TH |
Binghamton Mets batting - Pitching for Kane County Cougars : RHP Joey Keim
|
Batting: LHB Tom Prayer
|
0-0: Ball 1-0: Called Strike 1-1: Ground out 4-3 (Groundball, 4, EV 100.0 MPH)
|
Batting: RHB Matt Skipper
|
0-0: Foul Ball, location: 2F 0-1: Ball 1-1: Ball 2-1: Swinging Strike 2-2: Ground out 5-3 (Groundball, 56, EV 79.4 MPH)
|
Batting: LHB Elmo Dreier
|
0-0: Called Strike 0-1: Called Strike 0-2: Strikes out swinging
|
Top of the 5th over - 0 runs, 0 hits, 0 errors, 0 left on base; Binghamton 0 - Kane County 2 |
BOTTOM OF THE 5TH |
Kane County Cougars batting - Pitching for Binghamton Mets : RHP Lawrence Luning
|
Batting: LHB Brian Nielsen
|
0-0: Ball 1-0: Foul Ball, location: 2F 1-1: Reached via error on a dropped throw from 1B, E1 (Groundball, 34, EV 105.6 MPH)
|
Batting: LHB Willie Gutierrez
|
0-0: Called Strike 0-1: SINGLE (Line Drive, 6M, EV 107.5 MPH) Brian Nielsen to second
|
Batting: RHB Franklin Villanueva
|
0-0: Ball 1-0: Foul Ball, location: 2F 1-1: Swinging Strike 1-2: Ball 2-2: Strikes out swinging
|
Batting: RHB Dave Vargas
|
0-0: Foul Ball, location: 2F 0-1: Foul Ball, location: 2F 0-2: Ball 1-2: Fly out, F7 (Flyball, 78M, EV 90.6 MPH)
|
Batting: RHB Marlon Reda
|
0-0: Ball 1-0: Called Strike 1-1: Ball 2-1: Foul Ball, location: 2F 2-2: Foul Ball, location: 2F 2-2: Foul Ball, location: 2F 2-2: Fly out, F7 (Line Drive, 7D, EV 88.8 MPH)
|
Bottom of the 5th over - 0 runs, 1 hit, 1 error, 2 left on base; Binghamton 0 - Kane County 2 |
TOP OF THE 6TH |
Binghamton Mets batting - Pitching for Kane County Cougars : RHP Joey Keim
|
Batting: LHB Jose Chavez
|
0-0: Swinging Strike 0-1: Ball 1-1: Ball 2-1: Foul Ball, location: 2F 2-2: Ball 3-2: Ground out 4-3 (Groundball, 4, EV 77.5 MPH)
|
Batting: RHB Andy Solorzano
|
0-0: Ball 1-0: Ball 2-0: Ball 3-0: Called Strike 3-1: Base on Balls
|
Batting: LHB Willie Cintron
|
0-0: Ball 1-0: Ball 2-0: Ball 3-0: Called Strike 3-1: SINGLE (Groundball, 56D, EV 94.4 MPH) Andy Solorzano to second
|
Batting: RHB Joe Kooyers
|
0-0: Ball 1-0: Foul Ball, location: 2F 1-1: Ball 2-1: DOUBLE (Line Drive, 8RXD, EV 106.9 MPH) Andy Solorzano scores Willie Cintron to third
|
Batting: RHB Chris Nelson
|
0-0: Ball 1-0: Ball 2-0: Called Strike 2-1: Ball 3-1: Foul Ball, location: 2F 3-2: Foul Ball, location: 2F 3-2: Ground out 6-3 (Groundball, 56, EV 85.6 MPH) Willie Cintron scores
|
Pitching: RHP Ming-feng Pi
|
|
Batting: LHB Nate Trahan
|
0-0: Called Strike 0-1: Foul Ball, location: 2F 0-2: Ball 1-2: Foul Ball, location: 2F 1-2: Foul Ball, location: 2F 1-2: SINGLE (Groundball, 6D, EV 109.4 MPH) Joe Kooyers to third
|
Batting: LHB Tom Prayer
|
0-0: Ball 1-0: Swinging Strike 1-1: Foul Ball, location: 2F 1-2: Foul Ball, location: 2F 1-2: Fly out, F7 (Flyball, 7S, EV 80.6 MPH)
|
Top of the 6th over - 2 runs, 3 hits, 0 errors, 2 left on base; Binghamton 2 - Kane County 2 |
BOTTOM OF THE 6TH |
Kane County Cougars batting - Pitching for Binghamton Mets : RHP Lawrence Luning
|
Pitching: RHP Leo Burgos
|
|
Batting: LHB T.J. Duvall
|
0-0: Ball 1-0: Ball 2-0: Ball 3-0: Base on Balls
|
Batting: RHB Matt Maxwell
|
0-0: Ball 1-0: Ball 2-0: Called Strike 2-1: SINGLE (Groundball, 56D, EV 106.3 MPH) T.J. Duvall to second
|
Batting: RHB John Pena
|
0-0: Ball 1-0: Foul Ball, location: 2F 1-1: Swinging Strike 1-2: Ball 2-2: Strikes out looking
|
Batting: RHB Curt Barrett
|
0-0: Foul Ball, location: 2F 0-1: Ball 1-1: Fly out, F9 (Line Drive, 9, EV 97.5 MPH)
|
Batting: LHB Brian Nielsen
|
0-0: Swinging Strike 0-1: Swinging Strike 0-2: Ball 1-2: Strikes out swinging
|
Bottom of the 6th over - 0 runs, 1 hit, 0 errors, 2 left on base; Binghamton 2 - Kane County 2 |
TOP OF THE 7TH |
Binghamton Mets batting - Pitching for Kane County Cougars : RHP Ming-feng Pi
|
Batting: RHB Matt Skipper
|
0-0: Swinging Strike 0-1: Ball 1-1: Ball 2-1: Ground out U3 (Groundball, 3, EV 92.5 MPH)
|
Batting: LHB Elmo Dreier
|
0-0: Ball 1-0: Ball 2-0: Ball 3-0: Base on Balls
|
Batting: LHB Jose Chavez
|
0-0: Called Strike 0-1: Swinging Strike 0-2: Ball 1-2: Reached on error, E8 (Line Drive, 8RD, EV 100.0 MPH) Elmo Dreier to third
|
Batting: RHB Andy Solorzano
|
0-0: Foul Ball, location: 2F 0-1: Ball 1-1: Ball 2-1: Ball 3-1: Called Strike 3-2: Strikes out looking
|
Batting: LHB Willie Cintron
|
0-0: Ball 1-0: Fly out, F6 (Flyball, 56D, EV 76.9 MPH)
|
Top of the 7th over - 0 runs, 0 hits, 1 error, 2 left on base; Binghamton 2 - Kane County 2 |
BOTTOM OF THE 7TH |
Kane County Cougars batting - Pitching for Binghamton Mets : RHP Leo Burgos
|
Pitching: RHP Salvatore Garcia
|
|
Batting: LHB Willie Gutierrez
|
0-0: Ball 1-0: Ball 2-0: Ball 3-0: Base on Balls
|
Batting: RHB Franklin Villanueva
|
0-0: Ball 1-0: Ball 2-0: Ball Willie Gutierrez steals 2nd base (no throw) 3-0: Base on Balls
|
Batting: RHB Dave Vargas
|
0-0: Called Strike 0-1: Fielders Choice at 2nd, 6-4 (Groundball, 56, EV 92.5 MPH) Willie Gutierrez to third
|
Batting: RHB Marlon Reda
|
0-0: SINGLE (Groundball, 56, EV 96.9 MPH) Willie Gutierrez scores Dave Vargas to second
|
Batting: LHB T.J. Duvall
|
0-0: Swinging Strike 0-1: Ball 1-1: Ball 2-1: Called Strike 2-2: Ball 3-2: Base on Balls Dave Vargas to third Marlon Reda to second
|
Batting: RHB Matt Maxwell
|
0-0: Called Strike 0-1: Called Strike 0-2: Ball 1-2: Ball 2-2: Fly out, F6 (Popup, 6D, EV 56.3 MPH)
|
Batting: RHB John Pena
|
0-0: Fielders Choice at 2nd, 6-4 (Groundball, 6, EV 91.3 MPH)
|
Bottom of the 7th over - 1 run, 1 hit, 0 errors, 3 left on base; Binghamton 2 - Kane County 3 |
TOP OF THE 8TH |
Binghamton Mets batting - Pitching for Kane County Cougars : RHP Ming-feng Pi
|
Pitching: RHP Nate Bixler
|
|
Batting: RHB Joe Kooyers
|
0-0: Ball 1-0: Swinging Strike 1-1: Foul Ball, location: 2F 1-2: Ground out 6-3 (Groundball, 6, EV 81.9 MPH)
|
Pinch Hitting: LHB Joel Soto
|
0-0: Ground out 5-3 (Groundball, 56S, EV 81.3 MPH)
|
Batting: LHB Nate Trahan
|
0-0: Called Strike 0-1: Ball 1-1: Called Strike 1-2: Fly out, F8 (Flyball, 8LXD, EV 93.1 MPH)
|
Top of the 8th over - 0 runs, 0 hits, 0 errors, 0 left on base; Binghamton 2 - Kane County 3 |
BOTTOM OF THE 8TH |
Kane County Cougars batting - Pitching for Binghamton Mets : RHP Salvatore Garcia
|
Now in LF: Nate Trahan
|
|
Now in RF: Joel Soto
|
|
Batting: RHB Curt Barrett
|
0-0: Fly out, F4 (Flyball, 4D, EV 78.1 MPH)
|
Batting: LHB Brian Nielsen
|
0-0: Ball 1-0: Foul Ball, location: 2F 1-1: Swinging Strike 1-2: Ground out 4-3 (Groundball, 4, EV 90.6 MPH)
|
Batting: LHB Willie Gutierrez
|
0-0: Foul Ball, location: 2F 0-1: Ground out 4-3 (Groundball, 4, EV 93.1 MPH)
|
Bottom of the 8th over - 0 runs, 0 hits, 0 errors, 0 left on base; Binghamton 2 - Kane County 3 |
TOP OF THE 9TH |
Binghamton Mets batting - Pitching for Kane County Cougars : RHP Nate Bixler
|
Pitching: RHP Jose Fernandez
|
|
Batting: LHB Tom Prayer
|
0-0: Foul Ball, location: 2F 0-1: Ball 1-1: Called Strike 1-2: Foul Ball, location: 2F 1-2: Ground out 4-3 (Groundball, 4, EV 96.9 MPH)
|
Batting: RHB Matt Skipper
|
0-0: Ball 1-0: Ball 2-0: Called Strike 2-1: SINGLE (Groundball, 4MD, EV 102.5 MPH)
|
Batting: LHB Elmo Dreier
|
0-0: Foul Ball, location: 2F 0-1: Called Strike 0-2: Ball 1-2: Strikes out swinging
|
Batting: LHB Jose Chavez
|
0-0: Ball 1-0: Called Strike 1-1: Ball 2-1: Called Strike 2-2: Ground out U3 (Groundball, 34S, EV 82.5 MPH)
|
Top of the 9th over - 0 runs, 1 hit, 0 errors, 1 left on base; Binghamton 2 - Kane County 3 |
|